 Dungeon Crawl Stone Soup version 0.29.0-4-gdea44cf6ec (webtiles) character file.

Game seed: 15823069185596593363

112961 qw the Severer (level 16, -11/97 HPs)
             Began as a Tengu Warper on Aug 28, 2022.
             Was an Elder of Okawaru.
             Killed by divine providence
             ... invoked by an orc priest
              (13 damage)
             ... on level 2 of the Orcish Mines.
             The game lasted 00:03:45 (30126 turns).

qw the Severer (Tengu Warper)                      Turns: 30126, Time: 00:03:46

Health: -11/97     AC: 59    Str: 18    XL:     16   Next: 61%
Magic:  24/24      EV: 10    Int: 16    God:    Okawaru [****..]
Gold:   114        SH: 19    Dex: 16    Spells: 19/19 levels left

rFire   + . .      SeeInvis +   r - +3 broad axe
rCold   . . .      Faith    .   u - +0 kite shield
rNeg    + . .      Spirit   .   s - +21 crystal plate armour "Sarphuck" {rF+}
rPois   +          Reflect  +   (helmet restricted)
rElec   .          Harm     .   g - +2 cloak {rPois}
rCorr   .          Rampage  .   o - +1 pair of gloves "Qomajewi" {rN+ Int+3}
Will    +....                   (boots unavailable)
Stlth   ..........              d - amulet of reflection
HPRegen 0.26/turn               q - +4 ring of protection
MPRegen 0.19/turn               i - ring of see invisible

@: heroic, flying quickly and evasively, quick
A: beak, talons 3, nimble flight, iridescent scales 1, mutation resistance 1
a: Renounce Religion, Heroism, Finesse


You were on level 2 of the Orcish Mines.
You worshipped Okawaru.
Okawaru was greatly pleased with you.
You visited 3 branches of the dungeon, and saw 22 of its levels.
You also visited: Sewer and Ossuary.

You collected 1798 gold pieces.
You spent 1684 gold pieces at shops.


Innate Abilities, Weirdness & Mutations

You have a beak for a mouth.
You have claws for feet.
Your magical nature lets you fly swiftly and evasively.
You are partially covered in iridescent scales. (AC +2)
You are somewhat resistant to further mutation.


   Skills:
 + Level 9.8(14.8) Fighting
 - Level 18.0(23.0) Axes
 - Level 5.0(10.0) Throwing
 - Level 13.0(18.0) Armour
 - Level 10.0(15.0) Dodging
 - Level 10.7(15.7) Shields
 - Level 2.0 Spellcasting
 - Level 2.4 Translocations
 - Level 10.0 Invocations


You had 19 spell levels left.
You didn't know any spells.
Your spell library contained the following spells:

 Spells                   Type           Power      Damage    Failure   Level
 Blink                    Tloc           18%        N/A       100%        2
 Gell's Gravitas          Tloc           9%         N/A       100%        3
 Lesser Beckoning         Tloc           9%         N/A       100%        3
 Teleport Other           Tloc           9%         N/A       100%        3
 Manifold Assault         Tloc           9%         N/A       100%        5

Inventory:

Hand Weapons
 e - a +5 war axe of flaming
 r - a +3 broad axe (weapon)
Missiles
 l - a silver boomerang
 v - a boomerang
 w - 2 javelins (quivered)
Armour
 b - the +0 hat "Idyudeh" {+Inv rPois Int+4}
   (Okawaru gifted it to you on level 5 of the Lair of Beasts)

   Int:       It affects your intelligence (+4).
   rPois:     It protects you from poison.
   +Inv:      It lets you turn invisible.
 g - a +2 cloak of poison resistance (worn)
 m - the +0 pair of gloves "Ycoiwuev" {Harm rElec Will++ Dex-3}
   (Okawaru gifted it to you on level 2 of the Lair of Beasts)

   Dex:       It affects your dexterity (-3).
   rElec:     It insulates you from electricity.
   Harm:      It increases damage dealt and taken.
   Will:      It greatly increases your willpower.
 o - the +1 pair of gloves "Qomajewi" (worn) {rN+ Int+3}
   (You acquired it on level 2 of the Lair of Beasts)

   Int:       It affects your intelligence (+3).
   rN:        It protects you from negative energy.
 s - the +21 crystal plate armour "Sarphuck" (worn) {rF+}
   (Okawaru gifted it to you on level 4 of the Lair of Beasts)

   rF:        It protects you from fire.
 u - a +0 kite shield (worn)
Jewellery
 d - an amulet of reflection (around neck)
 i - a ring of see invisible (right hand)
 q - a +4 ring of protection (left hand)
 x - the ring "Karphapy" {rPois rN+ Int+2 Slay+2}
   (You acquired it on level 2 of the Orcish Mines)

   [ring of positive energy]

   Int:       It affects your intelligence (+2).
   Slay:      It affects your accuracy & damage with ranged weapons and melee
   (+2).
   rPois:     It protects you from poison.
   rN:        It protects you from negative energy.
 y - a ring of poison resistance
 A - a ring of protection from fire
 Y - a +6 ring of strength
Scrolls
 a - 17 scrolls of identify
 h - a scroll of enchant armour
Potions
 c - 2 potions of mutation
 f - 8 potions of curing
 j - a potion of resistance
 n - 7 potions of might
 p - 7 potions of haste
 t - 4 potions of magic

Dungeon Overview and Level Annotations

Branches:
Dungeon (15/15)            Temple (0/1) D:7            Lair (5/5) D:11
 Shoals (0/4) Lair:3        Snake (0/4) Lair:2        Slime (0/5) Lair:4
    Orc (2/2) D:11         Vaults (0/5) D:13         Depths (0/4) D:15
  Sewer (visited)         Ossuary (visited)
    Elf: Orc:2

Altars:
Ashenzari
Gozag
Hepliaklqana
Makhleb
Okawaru
Ru
Sif Muna
Trog
Uskayaw
Wu Jian
Zin
Lugonu

Shops:
D:9 *   D:11 =   Orc:2 **(

Portals:
Abyss: Lair:5

Annotations:
D:11 3 runed translucent doors, Piexesis's ghost, journeyman BaMo
Lair:4 1 runed translucent door


Message History

You hit the warg but do no damage. You slash the orc warrior!
You hit the troll but do no damage. You block the warg's attack.
You completely miss the warg. Your kick misses the warg.
The warg is almost dead.
You slash the orc warrior! You slash the troll!
You kill the troll!
Okawaru accepts your kill. You block the orc warrior's attack.
The orc warlord hits you from afar with a +3 vampiric halberd!!
The orc warrior shoots a bolt.
The bolt hits you but does no damage. The warg bites you.
You slash the warg!
You kill the warg!
Okawaru accepts your kill.
You slash the orc warrior!
You kill the orc warrior!
Okawaru accepts your kill.
You barely miss the orc priest.
The orc warlord roars a battlecry!
The orc goes into a battle-frenzy!
The orc warrior unwields a +0 scimitar.
The orc warrior wields a +0 arbalest of freezing.
It is covered in frost.
The orc warrior shoots a bolt.
You reflect the bolt off an invisible shield around you!
The bolt barely misses the orc warrior.
The orc high priest mumbles some strange prayers to Beogh against you.
Beogh smites you!
The orc warrior shoots a bolt.
You reflect the bolt off an invisible shield around you!
The bolt hits the orc warrior!
You slice the orc priest!!
You kill the orc priest!
Okawaru accepts your kill.
You slice the orc priest!!
You kill the orc priest!
Okawaru accepts your kill. You block the orc warlord's attack.
The orc priest calls down the wrath of Beogh upon you.
Beogh smites you!
You die...

#+#####.##....#..o..
#.....).##...##.....
#....#####...#.....#
#.#....#..##..##.....#
#.....)'..#...#).....#
###.####.#..#...()....#
... #..#.####..hoooo.##.
... #.)'.####.8)).8.o.8.
.}..#..#)...)...@....o..
....####.####.8.).8...8.
.........####........##.
#####.####..#.........#
#...#....'..#...#......#
#...#....#..##..##.....#
##)##....#####... .....#
...)........##...##.....
#.###'#####.##.. .....


You could see an orc warlord, an orc high priest (strong), a warg, 2 orc
warriors, an orc priest (strong) and an orc (strong).

Vanquished Creatures
  Jorgrun (D:13)
  Rupert (D:13)
  Kirke (D:13)
  Roxanne (D:15)
  A stone giant (D:15)
  Snorg (D:11)
  Josephine (D:10)
  7 boulder beetles
  4 hydras
  A vault guard (D:13)
  Fannar (D:10)
  4 centaur warriors
  11 death yaks
  6 two-headed ogres
  3 thrashing horrors (Lair:5)
  An orc high priest (Orc:2)
  A tengu warrior (D:15)
  Sonja (D:13)
  A skeletal warrior (D:13)
  2 wizards (D:15)
  4 orc knights
  2 deep elf pyromancers
  4 ugly things
  4 orc sorcerers
  An oklob plant (Lair:5)
  6 manticores
  A cyclops (D:13)
  9 elephants
  2 black mambas (Lair:3)
  Maurice (D:11)
  4 smoke demons (Lair:5)
  2 gargoyles
  9 cane toads
  2 torpor snails
  Maggie (D:10)
  An unseen horror (D:11)
  A freezing wraith (D:13)
  4 rime drakes (Lair:3)
  12 komodo dragons
  A tengu conjurer (D:15)
  4 kobold demonologists
  A yaktaur (D:14)
  An ancient zyme (Lair:5)
  3 meliai (D:14)
  A polar bear (Lair:2)
  5 trolls
  A hornet (D:10)
  A wind drake (Lair:3)
  Prince Ribbit (D:7)
  5 slime creatures (D:12)
  4 dream sheep (Lair:5)
  18 blink frogs
  A spriggan (Lair:5)
  5 shadows
  3 water elementals
  A hog (D:13)
  8 wraiths
  51 yaks
  A ynoxinul (Lair:5)
  5 basilisks
  6 wyverns
  2 humans
  A chaos spawn (Lair:5)
  A steam dragon (D:6)
  A large abomination (Lair:5)
  3 nagas (Lair:2)
  2 wargs (Orc:2)
  2 acid dragons
  18 water moccasins
  30 orc warriors
  2 black bears
  3 sky beasts
  6 wolves (Lair:1)
  10 ogres
  8 centaurs
  A phantom (D:5)
  16 bullfrogs
  6 kobold brigands
  2 elf zombies (Ossuary)
  2 necrophages (D:6)
  2 gnoll sergeants
  2 scorpions
  11 small abominations (Lair:5)
  13 killer bees
  8 electric eels
  5 howler monkeys
  3 human zombies (Ossuary)
  2 hounds
  15 orc priests
  2 iguanas
  5 hell rats (Lair:4)
  21 orc wizards
  2 hound zombies (Ossuary)
  4 mummies
  11 gnolls
  6 river rats (Sewer)
  12 adders
  2 shadow imps
  2 white imps
  3 ufetubi
  2 adder zombies (Ossuary)
  A worm (D:5)
  4 dart slugs
  91 orcs
  5 endoplasms
  6 giant cockroaches
  9 goblins
  5 hobgoblins
  7 jackals
  5 quokkas
  11 ball pythons
  7 bats
  7 frilled lizards
  2 goblin zombies (Ossuary)
  6 hobgoblin zombies (Ossuary)
  5 jackal zombies (Ossuary)
  33 kobolds
  4 kobold zombies (Ossuary)
  4 orc zombies (Ossuary)
  A quokka zombie (Ossuary)
  19 rats
  A rat zombie (Ossuary)
729 creatures vanquished.

Vanquished Creatures (others)
  An orc wizard (D:10)
  3 orcs
  49 fungi
  67 plants
120 creatures vanquished.

Grand Total: 849 creatures vanquished

Notes
Turn   | Place    | Note
-------+----------+-------------------------------------------
     0 | D:1      | qw the Tengu Warper began the quest for the Orb.
     0 | D:1      | Reached XP level 1. HP: 12/12 MP: 4/4
     0 | D:1      | 0 ||| qw: Version: 0.1-a-89-g26bdef1
     0 | D:1      | 0 ||| qw: Game counter: 64
     0 | D:1      | 0 ||| qw: Always use a shield: true
     0 | D:1      | 0 ||| qw: God list: Okawaru
     0 | D:1      | 0 ||| qw: Allow faded altars: false
     0 | D:1      | 0 ||| qw: Do Orc after D:15 true
     0 | D:1      | 0 ||| qw: Do second Lair branch before Depths: true
     0 | D:1      | 0 ||| qw: Lair rune preference: random
     0 | D:1      | 0 ||| qw: Plans: Normal
     0 | D:1      | 0 ||| PLANNING D:1-11
   217 | D:1      | Reached XP level 2. HP: 17/17 MP: 6/6
   234 | D:1      | Reached skill level 3 in Axes
   701 | D:1      | Reached XP level 3. HP: 21/21 MP: 7/7
   781 | D:1      | Found a faded altar of an unknown god.
   915 | D:1      | 915 ||| UPGRADING to +0 scale mail.
   925 | D:1      | 925 ||| DROPPING +0 leather armour.
   926 | D:1      | 926 ||| UPGRADING to +1 cloak.
   931 | D:1      | 931 ||| DROPPING ring of magical power.
   932 | D:1      | 932 ||| READING scroll labelled ZUAHAY DANEFAD.
   933 | D:1      | 933 ||| DROPPING scroll of blinking.
  1083 | D:2      | 1083 ||| Stepping ~*~*~tactically~*~*~ (stealth).
  1097 | D:2      | 1097 ||| Stepping ~*~*~tactically~*~*~ (stealth).
  1103 | D:2      | Reached skill level 4 in Axes
  1243 | D:2      | 1243 ||| DROPPING +0 club.
  1509 | D:2      | Reached XP level 4. HP: 14/26 MP: 8/8
  1762 | D:2      | 1762 ||| Stepping ~*~*~tactically~*~*~ (stealth).
  1767 | D:2      | 1767 ||| Stepping ~*~*~tactically~*~*~ (stealth).
  1771 | D:2      | 1771 ||| Stepping ~*~*~tactically~*~*~ (stealth).
  1773 | D:2      | 1773 ||| Stepping ~*~*~tactically~*~*~ (hiding).
  1964 | D:2      | 1964 ||| UPGRADING to +0 plate armour.
  1976 | D:2      | HP: 3/26 [kobold/+3 short sword of electrocution (8)]
  2255 | D:2      | 2255 ||| DROPPING +0 scale mail.
  2328 | D:2      | 2328 ||| DROPPING ring of wizardry.
  2329 | D:2      | 2329 ||| READING 3 scrolls labelled NUEPUE CUVO.
  2330 | D:2      | 2330 ||| READING 4 scrolls labelled AVVASE ADOJA.
  2335 | D:2      | 2335 ||| READING scroll labelled GYECIO WEETU.
  2336 | D:2      | 2336 ||| READING 2 scrolls of identify.
  2336 | D:2      | 2336 ||| IDENTIFYING viscous dark potion
  2346 | D:3      | 2346 ||| PLANNING SEWER
  2367 | D:3      | 2367 ||| Stepping ~*~*~tactically~*~*~ (stealth).
  2368 | D:3      | 2368 ||| FLEEEEING.
  2369 | D:3      | 2369 ||| Stepping ~*~*~tactically~*~*~ (stealth).
  2370 | D:3      | 2370 ||| FLEEEEING.
  2371 | D:3      | 2371 ||| FLEEEEING.
  2372 | D:3      | 2372 ||| FLEEEEING.
  2373 | D:3      | 2373 ||| FLEEEEING.
  2374 | D:3      | 2374 ||| FLEEEEING.
  2375 | D:3      | 2375 ||| FLEEEEING.
  2413 | D:3      | 2413 ||| FLEEEEING.
  2414 | D:3      | 2414 ||| FLEEEEING.
  2415 | D:3      | 2415 ||| FLEEEEING.
  2416 | D:3      | 2416 ||| FLEEEEING.
  2417 | D:3      | 2417 ||| STAIRDANCE
  2487 | D:3      | 2487 ||| DROPPING +0 whip.
  2602 | D:3      | Found a bloodstained altar of Trog.
  2697 | D:3      | Found a glowing drain.
  2698 | D:3      | 2698 ||| READING scroll labelled WIUQUORAMA.
  2699 | D:3      | 2699 ||| DRINKING 2 pink potions.
  2708 | D:3      | Reached skill level 5 in Axes
  2716 | D:3      | Gained mutation: Your magical nature lets you fly swiftly
                  | and evasively. [Tengu growth]
  2716 | D:3      | Reached XP level 5. HP: 19/30 MP: 9/9
  2832 | Sewer    | Entered a sewer
  2851 | Sewer    | 2851 ||| Stepping ~*~*~tactically~*~*~ (stealth).
  2854 | Sewer    | 2854 ||| Stepping ~*~*~tactically~*~*~ (stealth).
  2856 | Sewer    | 2856 ||| Stepping ~*~*~tactically~*~*~ (stealth).
  3051 | Sewer    | 3051 ||| Stepping ~*~*~tactically~*~*~ (stealth).
  3053 | Sewer    | 3053 ||| Stepping ~*~*~tactically~*~*~ (stealth).
  3062 | Sewer    | Reached skill level 6 in Axes
  3142 | Sewer    | 3142 ||| Stepping ~*~*~tactically~*~*~ (stealth).
  3150 | Sewer    | 3150 ||| Stepping ~*~*~tactically~*~*~ (stealth).
  3151 | Sewer    | 3151 ||| Stepping ~*~*~tactically~*~*~ (stealth).
  3268 | Sewer    | 3268 ||| Stepping ~*~*~tactically~*~*~ (stealth).
  3354 | Sewer    | 3354 ||| Stepping ~*~*~tactically~*~*~ (stealth).
  3379 | Sewer    | 3379 ||| Stepping ~*~*~tactically~*~*~ (stealth).
  3439 | Sewer    | Noticed a kobold brigand
  3471 | Sewer    | Killed a kobold brigand
  3472 | Sewer    | Reached skill level 3 in Armour
  3472 | Sewer    | Reached XP level 6. HP: 19/35 MP: 10/10
  3722 | Sewer    | 3722 ||| Stepping ~*~*~tactically~*~*~ (stealth).
  3881 | Sewer    | 3881 ||| READING 2 scrolls labelled NOEZYS KIAMA.
  3882 | Sewer    | 3882 ||| DRINKING 3 inky potions.
  3882 | Sewer    | Gained mutation: You are partially covered in iridescent
                  | scales. (AC +2) [potion of mutation]
  3882 | Sewer    | Gained mutation: You are somewhat resistant to further
                  | mutation. [potion of mutation]
  3883 | Sewer    | 3883 ||| DRINKING 2 blue potions.
  3884 | Sewer    | 3884 ||| DRINKING 3 white potions.
  3885 | Sewer    | 3885 ||| DROPPING scroll of noise.
  3886 | Sewer    | 3886 ||| DROPPING 2 potions of brilliance.
  3930 | D:3      | 3930 ||| PLANNING D:1-11
  3940 | D:3      | 3940 ||| Stepping ~*~*~tactically~*~*~ (hiding).
  3962 | D:3      | HP: 8/35 [poisoned by an orc wizard]
  4215 | D:3      | 4215 ||| SWAPPING to +2 war axe of flaming.
  4216 | D:3      | 4216 ||| DROPPING +0 morningstar.
  4217 | D:3      | 4217 ||| DROPPING +0 flail.
  4218 | D:3      | 4218 ||| DROPPING +1 hand axe.
  4242 | D:3      | 4242 ||| READING scroll of enchant weapon.
  4242 | D:3      | 4242 ||| ENCHANTING +2 war axe of flaming.
  4539 | D:3      | 4539 ||| READING scroll labelled AJAXEMUHYERCH.
  4564 | D:4      | 4564 ||| PLANNING OSSUARY
  4651 | D:4      | 4651 ||| Stepping ~*~*~tactically~*~*~ (stealth).
  4697 | D:4      | 4697 ||| Stepping ~*~*~tactically~*~*~ (stealth).
  4766 | D:4      | 4766 ||| READING scroll of enchant weapon.
  4766 | D:4      | 4766 ||| ENCHANTING +3 war axe of flaming.
  4851 | D:4      | 4851 ||| Stepping ~*~*~tactically~*~*~ (stealth).
  5125 | D:4      | 5125 ||| Stepping ~*~*~tactically~*~*~ (stealth).
  5126 | D:4      | 5126 ||| Stepping ~*~*~tactically~*~*~ (stealth).
  5170 | D:4      | Found a sand-covered staircase.
  5172 | D:4      | 5172 ||| UPGRADING to amulet of reflection.
  5179 | D:4      | 5179 ||| DRINKING 2 fizzy red potions.
  5186 | Ossuary  | Entered an ossuary
  5236 | Ossuary  | Reached skill level 7 in Axes
  5236 | Ossuary  | Reached XP level 7. HP: 40/40 MP: 11/11
  5391 | Ossuary  | Reached skill level 3 in Fighting
  5501 | Ossuary  | Reached skill level 8 in Axes
  5529 | Ossuary  | 5529 ||| READING scroll labelled TOJISA VISOZE.
  5530 | Ossuary  | 5530 ||| READING scroll labelled NOLEFI OXYGHALO.
  5531 | Ossuary  | 5531 ||| READING 2 scrolls of identify.
  5531 | Ossuary  | 5531 ||| IDENTIFYING lumpy coppery potion
  5542 | D:4      | 5542 ||| PLANNING D:1-11
  5779 | D:5      | Entered Level 5 of the Dungeon
  5843 | D:5      | Noticed a shadow
  5855 | D:5      | HP: 3/41 [shadow (8)]
  5856 | D:5      | 5856 ||| READING 4 scrolls of teleportation.
  5857 | D:5      | 5857 ||| DRINKING 3 potions of heal wounds.
  6025 | D:5      | 6025 ||| Stepping ~*~*~tactically~*~*~ (hiding).
  6141 | D:5      | 6141 ||| READING scroll of enchant weapon.
  6141 | D:5      | 6141 ||| ENCHANTING +4 war axe of flaming.
  6168 | D:5      | Reached XP level 8. HP: 36/46 MP: 12/12
  6312 | D:5      | 6312 ||| SWAPPING to +0 broad axe.
  6324 | D:5      | Identified the +6 quarterstaff "Ypeblaot" {freeze, *Noise
                  | rC+ Str+4}
  6809 | D:5      | 6809 ||| Stepping ~*~*~tactically~*~*~ (stealth).
  6811 | D:5      | 6811 ||| Stepping ~*~*~tactically~*~*~ (hiding).
  6822 | D:5      | Reached skill level 9 in Axes
  6967 | D:5      | Killed a shadow
  7100 | D:5      | 7100 ||| UPGRADING to +6 ring of dexterity.
  7101 | D:5      | 7101 ||| READING scroll labelled XUNUTW JELIAF.
  7319 | D:6      | Found a broken altar of Ashenzari.
  7321 | D:6      | Found a sacrificial altar of Ru.
  7325 | D:6      | Found a shimmering blue altar of Sif Muna.
  7325 | D:6      | Found a hide-covered altar of Uskayaw.
  7330 | D:6      | Found an iron altar of Okawaru.
  7333 | D:6      | Became a worshipper of Warmaster Okawaru
  7352 | D:6      | 7352 ||| Stepping ~*~*~tactically~*~*~ (hiding).
  7495 | D:6      | Reached skill level 10 in Axes
  7907 | D:6      | Found a hazy altar of Hepliaklqana.
  7973 | D:6      | Reached * piety under Okawaru
  7974 | D:6      | Reached XP level 9. HP: 53/53 MP: 13/13
  8109 | D:6      | 8109 ||| INVOKING Heroism.
  8113 | D:6      | Reached skill level 1 in Invocations
  8114 | D:6      | HP: 10/53 [killer bee (4)]
  8115 | D:6      | 8115 ||| READING 4 scrolls of teleportation.
  8116 | D:6      | 8116 ||| DRINKING 3 potions of heal wounds.
  8413 | D:6      | Reached skill level 3 in Dodging
  8652 | D:6      | 8652 ||| READING 2 scrolls of identify.
  8652 | D:6      | 8652 ||| IDENTIFYING yellow potion
  8653 | D:6      | 8653 ||| DROPPING potion of attraction.
  8677 | D:7      | 8677 ||| Stepping ~*~*~tactically~*~*~ (hiding).
  8736 | D:7      | Identified the +8 scale mail "Udaaluuh" {rN+ Int-4 Dex+6}
  8753 | D:7      | 8753 ||| Stepping ~*~*~tactically~*~*~ (stealth).
  8754 | D:7      | 8754 ||| Stepping ~*~*~tactically~*~*~ (stealth).
  8790 | D:7      | 8790 ||| Stepping ~*~*~tactically~*~*~ (stealth).
  8797 | D:7      | 8797 ||| FLEEEEING.
  8798 | D:7      | 8798 ||| FLEEEEING.
  8799 | D:7      | 8799 ||| FLEEEEING.
  8800 | D:7      | 8800 ||| FLEEEEING.
  8801 | D:7      | 8801 ||| FLEEEEING.
  8802 | D:7      | 8802 ||| FLEEEEING.
  8803 | D:7      | 8803 ||| FLEEEEING.
  8804 | D:7      | 8804 ||| FLEEEEING.
  8808 | D:7      | 8808 ||| FLEEEEING.
  8809 | D:7      | 8809 ||| FLEEEEING.
  8810 | D:7      | 8810 ||| FLEEEEING.
  8811 | D:7      | 8811 ||| FLEEEEING.
  8814 | D:7      | 8814 ||| FLEEEEING.
  8816 | D:7      | 8816 ||| STAIRDANCE
  8950 | D:6      | 8950 ||| UPGRADING to +8 scale mail "Udaaluuh" {rN+ Int-4
                  | Dex+6}.
  8960 | D:6      | 8960 ||| DROPPING +0 plate armour.
  8961 | D:6      | 8961 ||| UPGRADING to +6 ring of strength.
  8962 | D:6      | 8962 ||| DRINKING 3 puce potions.
  8963 | D:6      | 8963 ||| DROPPING 2 potions of flight.
  8968 | D:7      | 8968 ||| STAIRDANCE
  9063 | D:7      | 9063 ||| STAIRDANCE
  9247 | D:7      | Found a staircase to the Ecumenical Temple.
  9248 | D:7      | 9248 ||| Stepping ~*~*~tactically~*~*~ (hiding).
  9251 | D:7      | 9251 ||| INVOKING Heroism.
  9255 | D:7      | 9255 ||| Stepping ~*~*~tactically~*~*~ (stealth).
  9269 | D:7      | 9269 ||| Stepping ~*~*~tactically~*~*~ (hiding).
  9444 | D:7      | Reached skill level 3 in Invocations
  9457 | D:7      | Noticed a boulder beetle
  9458 | D:7      | 9458 ||| Stepping ~*~*~tactically~*~*~ (stealth).
  9459 | D:7      | 9459 ||| INVOKING Heroism.
  9481 | D:7      | 9481 ||| INVOKING Heroism.
  9482 | D:7      | Killed a boulder beetle
  9482 | D:7      | Reached ** piety under Okawaru
  9623 | D:7      | 9623 ||| Stepping ~*~*~tactically~*~*~ (stealth).
  9648 | D:7      | Noticed Prince Ribbit
  9650 | D:7      | 9650 ||| INVOKING Heroism.
  9656 | D:7      | 9656 ||| Stepping ~*~*~tactically~*~*~ (stealth).
  9660 | D:7      | Killed Prince Ribbit
  9661 | D:7      | Reached skill level 6 in Dodging
  9661 | D:7      | 9661 ||| Stepping ~*~*~tactically~*~*~ (stealth).
  9662 | D:7      | 9662 ||| Stepping ~*~*~tactically~*~*~ (stealth).
  9671 | D:7      | 9671 ||| Stepping ~*~*~tactically~*~*~ (stealth).
  9672 | D:7      | 9672 ||| Stepping ~*~*~tactically~*~*~ (stealth).
  9694 | D:7      | Found a burning altar of Makhleb.
 10116 | D:7      | Reached XP level 10. HP: 59/59 MP: 14/14
 10116 | D:7      | 10116 ||| Stepping ~*~*~tactically~*~*~ (hiding).
 10284 | D:7      | 10284 ||| Stepping ~*~*~tactically~*~*~ (hiding).
 10302 | D:7      | 10302 ||| READING scroll labelled AXYWOE DU HIEN.
 10303 | D:7      | 10303 ||| READING 3 scrolls of identify.
 10303 | D:7      | 10303 ||| IDENTIFYING lumpy grey potion
 10304 | D:7      | 10304 ||| READING 2 scrolls of identify.
 10304 | D:7      | 10304 ||| IDENTIFYING fuming green potion
 10305 | D:7      | 10305 ||| DROPPING potion of lignification.
 10374 | D:8      | 10374 ||| INVOKING Heroism.
 10389 | D:8      | Reached skill level 11 in Axes
 10608 | D:8      | 10608 ||| Stepping ~*~*~tactically~*~*~ (stealth).
 10610 | D:8      | 10610 ||| Stepping ~*~*~tactically~*~*~ (hiding).
 10614 | D:8      | 10614 ||| INVOKING Heroism.
 10641 | D:8      | 10641 ||| INVOKING Heroism.
 10767 | D:8      | Found an ornate altar of the Wu Jian Council.
 11067 | D:9      | 11067 ||| READING 5 scrolls of teleportation.
 11068 | D:9      | 11068 ||| STAIRDANCE
 11068 | D:9      | Noticed an eight-headed hydra
 11222 | D:9      | 11222 ||| Stepping ~*~*~tactically~*~*~ (stealth).
 11226 | D:9      | 11226 ||| INVOKING Heroism.
 11234 | D:9      | 11234 ||| Stepping ~*~*~tactically~*~*~ (stealth).
 11235 | D:9      | Reached *** piety under Okawaru
 11239 | D:9      | Reached skill level 12 in Axes
 11247 | D:9      | Reached skill level 6 in Fighting
 11249 | D:9      | 11249 ||| INVOKING Heroism.
 11451 | D:9      | 11451 ||| INVOKING Heroism.
 11462 | D:9      | Received a gift from Okawaru
 11616 | D:9      | 11616 ||| INVOKING Heroism.
 11806 | D:9      | 11806 ||| Stepping ~*~*~tactically~*~*~ (stealth).
 11807 | D:9      | 11807 ||| Stepping ~*~*~tactically~*~*~ (stealth).
 11816 | D:9      | 11816 ||| INVOKING Heroism.
 11953 | D:9      | Noticed a two-headed ogre
 11964 | D:9      | 11964 ||| INVOKING Heroism.
 11971 | D:9      | Killed a two-headed ogre
 11972 | D:9      | Reached skill level 13 in Axes
 11972 | D:9      | Reached XP level 11. HP: 64/64 MP: 13/15
 11992 | D:9      | 11992 ||| Stepping ~*~*~tactically~*~*~ (stealth).
 11994 | D:9      | 11994 ||| Stepping ~*~*~tactically~*~*~ (stealth).
 11996 | D:9      | 11996 ||| INVOKING Heroism.
 12143 | D:9      | Found Sontogoz's Demolitions Depot.
 12742 | D:9      | 12742 ||| READING scroll labelled WEOTTU OHYARPH.
 12804 | D:9      | 12804 ||| READING 4 scrolls of teleportation.
 12805 | D:9      | 12805 ||| STAIRDANCE
 12872 | D:10     | Entered Level 10 of the Dungeon
 12873 | D:10     | 12873 ||| STAIRDANCE
 12879 | D:9      | Reached **** piety under Okawaru
 12882 | D:10     | 12882 ||| STAIRDANCE
 12973 | D:10     | 12973 ||| Stepping ~*~*~tactically~*~*~ (hiding).
 12978 | D:10     | 12978 ||| INVOKING Heroism.
 13210 | D:10     | 13210 ||| INVOKING Heroism.
 13212 | D:10     | Reached skill level 9 in Dodging
 13317 | D:10     | Noticed Fannar
 13318 | D:10     | 13318 ||| Stepping ~*~*~tactically~*~*~ (hiding).
 13319 | D:10     | 13319 ||| Stepping ~*~*~tactically~*~*~ (hiding).
 13320 | D:10     | 13320 ||| Stepping ~*~*~tactically~*~*~ (hiding).
 13321 | D:10     | 13321 ||| Stepping ~*~*~tactically~*~*~ (hiding).
 13322 | D:10     | 13322 ||| Stepping ~*~*~tactically~*~*~ (hiding).
 13323 | D:10     | 13323 ||| Stepping ~*~*~tactically~*~*~ (hiding).
 13324 | D:10     | 13324 ||| Stepping ~*~*~tactically~*~*~ (hiding).
 13337 | D:10     | 13337 ||| INVOKING Heroism.
 13345 | D:10     | Killed Fannar
 13518 | D:10     | 13518 ||| Stepping ~*~*~tactically~*~*~ (stealth).
 13554 | D:10     | 13554 ||| INVOKING Heroism.
 13620 | D:10     | Paralysed by a hornet for 1 turns
 13622 | D:10     | Reached ***** piety under Okawaru
 13868 | D:10     | 13868 ||| Stepping ~*~*~tactically~*~*~ (stealth).
 13873 | D:10     | Reached skill level 6 in Invocations
 13896 | D:10     | 13896 ||| Stepping ~*~*~tactically~*~*~ (stealth).
 13905 | D:10     | 13905 ||| Stepping ~*~*~tactically~*~*~ (hiding).
 13907 | D:10     | 13907 ||| Stepping ~*~*~tactically~*~*~ (hiding).
 13918 | D:10     | 13918 ||| Stepping ~*~*~tactically~*~*~ (stealth).
 13921 | D:10     | 13921 ||| Stepping ~*~*~tactically~*~*~ (stealth).
 13939 | D:10     | 13939 ||| INVOKING Heroism.
 13978 | D:10     | 13978 ||| FLEEEEING.
 13979 | D:10     | 13979 ||| FLEEEEING.
 13980 | D:10     | 13980 ||| FLEEEEING.
 13981 | D:10     | 13981 ||| FLEEEEING.
 13982 | D:10     | 13982 ||| FLEEEEING.
 13983 | D:10     | 13983 ||| FLEEEEING.
 13984 | D:10     | 13984 ||| FLEEEEING.
 13985 | D:10     | 13985 ||| FLEEEEING.
 13986 | D:10     | 13986 ||| FLEEEEING.
 13987 | D:10     | 13987 ||| FLEEEEING.
 13988 | D:10     | 13988 ||| FLEEEEING.
 13989 | D:10     | 13989 ||| FLEEEEING.
 13990 | D:10     | 13990 ||| FLEEEEING.
 13991 | D:10     | 13991 ||| FLEEEEING.
 13995 | D:10     | 13995 ||| FLEEEEING.
 13996 | D:10     | 13996 ||| FLEEEEING.
 13997 | D:10     | 13997 ||| FLEEEEING.
 13998 | D:10     | 13998 ||| FLEEEEING.
 13999 | D:10     | 13999 ||| FLEEEEING.
 14000 | D:10     | 14000 ||| FLEEEEING.
 14143 | D:10     | 14143 ||| INVOKING Heroism.
 14285 | D:10     | Noticed Josephine
 14298 | D:10     | Reached skill level 14 in Axes
 14302 | D:10     | Killed Josephine
 14494 | D:10     | Found an opulent altar of Gozag.
 14728 | D:10     | 14728 ||| INVOKING Heroism.
 14755 | D:10     | Noticed Maggie
 14756 | D:10     | 14756 ||| Stepping ~*~*~tactically~*~*~ (hiding).
 14865 | D:10     | Killed Maggie
 14884 | D:10     | 14884 ||| READING scroll labelled GIFEPS YXZATHUSTRI.
 14885 | D:10     | 14885 ||| DRINKING 2 amethyst potions.
 14886 | D:10     | 14886 ||| DROPPING potion of degeneration.
 14887 | D:10     | 14887 ||| READING 4 scrolls of teleportation.
 14930 | D:9      | 14930 ||| READING 3 scrolls of teleportation.
 15210 | D:10     | 15210 ||| READING 2 scrolls of teleportation.
 15211 | D:10     | 15211 ||| STAIRDANCE
 15286 | D:9      | 15286 ||| READING scroll of teleportation.
 15301 | D:9      | 15301 ||| Stepping randomly (stuck).
 15336 | D:11     | 15336 ||| Stepping ~*~*~tactically~*~*~ (stealth).
 15338 | D:11     | 15338 ||| Stepping ~*~*~tactically~*~*~ (stealth).
 15339 | D:11     | 15339 ||| Stepping ~*~*~tactically~*~*~ (stealth).
 15339 | D:11     | Noticed a two-headed ogre
 15340 | D:11     | 15340 ||| INVOKING Heroism.
 15346 | D:11     | Received a gift from Okawaru
 15348 | D:11     | Killed a two-headed ogre
 15349 | D:11     | Reached XP level 12. HP: 72/72 MP: 16/18
 15358 | D:11     | 15358 ||| Stepping ~*~*~tactically~*~*~ (hiding).
 15359 | D:11     | 15359 ||| Stepping ~*~*~tactically~*~*~ (hiding).
 15361 | D:11     | 15361 ||| Stepping ~*~*~tactically~*~*~ (hiding).
 15364 | D:11     | 15364 ||| Stepping ~*~*~tactically~*~*~ (stealth).
 15369 | D:11     | 15369 ||| Stepping ~*~*~tactically~*~*~ (stealth).
 15380 | D:11     | 15380 ||| Stepping ~*~*~tactically~*~*~ (stealth).
 15386 | D:11     | 15386 ||| INVOKING Heroism.
 15409 | D:11     | Noticed Maurice
 15410 | D:11     | 15410 ||| Stepping ~*~*~tactically~*~*~ (stealth).
 15411 | D:11     | 15411 ||| Stepping ~*~*~tactically~*~*~ (stealth).
 15412 | D:11     | 15412 ||| Stepping ~*~*~tactically~*~*~ (stealth).
 15414 | D:11     | 15414 ||| Stepping ~*~*~tactically~*~*~ (stealth).
 15415 | D:11     | 15415 ||| Stepping ~*~*~tactically~*~*~ (stealth).
 15416 | D:11     | 15416 ||| Stepping ~*~*~tactically~*~*~ (stealth).
 15419 | D:11     | 15419 ||| Stepping ~*~*~tactically~*~*~ (stealth).
 15421 | D:11     | 15421 ||| Stepping ~*~*~tactically~*~*~ (stealth).
 15425 | D:11     | 15425 ||| Stepping ~*~*~tactically~*~*~ (stealth).
 15440 | D:11     | Killed Maurice
 15457 | D:11     | Noticed a boulder beetle
 15458 | D:11     | 15458 ||| INVOKING Heroism.
 15459 | D:11     | 15459 ||| INVOKING Finesse.
 15472 | D:11     | Killed a boulder beetle
 15472 | D:11     | Received a gift from Okawaru
 15510 | D:11     | Found a staircase to the Lair.
 15515 | D:11     | Noticed a two-headed ogre
 15528 | D:11     | Killed a two-headed ogre
 15529 | D:11     | 15529 ||| FLEEEEING.
 15530 | D:11     | 15530 ||| FLEEEEING.
 15531 | D:11     | 15531 ||| FLEEEEING.
 15532 | D:11     | 15532 ||| FLEEEEING.
 15533 | D:11     | 15533 ||| FLEEEEING.
 15536 | D:11     | 15536 ||| STAIRDANCE
 15572 | D:10     | 15572 ||| UPGRADING to +2 cloak of poison resistance.
 15582 | D:10     | 15582 ||| DROPPING +1 cloak.
 15613 | D:11     | 15613 ||| FLEEEEING.
 15614 | D:11     | 15614 ||| FLEEEEING.
 15615 | D:11     | 15615 ||| FLEEEEING.
 15617 | D:11     | 15617 ||| FLEEEEING.
 15618 | D:11     | 15618 ||| INVOKING Heroism.
 15752 | D:11     | Noticed Snorg
 15753 | D:11     | 15753 ||| INVOKING Heroism.
 15754 | D:11     | 15754 ||| INVOKING Finesse.
 15762 | D:11     | Killed Snorg
 15846 | D:11     | Found Carupp's Jewellery Emporium.
 15859 | D:11     | 15859 ||| BUYING +4 ring of protection (540 gold).
 15859 | D:11     | Bought a +4 ring of protection for 540 gold pieces
 15859 | D:11     | 15859 ||| SHOPLISTING amulet of Twilight {Acrobat rPois}
                  | (618 gold, have 248).
 15859 | D:11     | 15859 ||| SHOPLISTING ring of Vyaqenoth {rF++ rCorr Slay-6}
                  | (300 gold, have 248).
 15878 | D:11     | 15878 ||| INVOKING Heroism.
 15982 | D:11     | Found a runed translucent gate.
 15983 | D:11     | Found a runed translucent gate.
 15983 | D:11     | Found a runed translucent gate.
 15983 | D:11     | Noticed Piexesis's ghost (journeyman BaMo)
 15983 | D:11     | Noticed a 12-headed hydra
 15983 | D:11     | Noticed an 11-headed hydra
 16006 | D:11     | 16006 ||| INVOKING Heroism.
 16138 | D:11     | 16138 ||| Stepping ~*~*~tactically~*~*~ (stealth).
 16153 | D:11     | Found a staircase to the Orcish Mines.
 16248 | D:11     | 16248 ||| DROPPING ring of ice.
 16249 | D:11     | 16249 ||| PLANNING LAIR
 16249 | D:11     | 16249 ||| UPGRADING to +4 ring of protection.
 16251 | D:11     | 16251 ||| DROPPING +6 ring of dexterity.
 16284 | Lair:1   | Entered Level 1 of the Lair of Beasts
 16305 | Lair:1   | 16305 ||| INVOKING Heroism.
 16368 | Lair:1   | 16368 ||| INVOKING Heroism.
 16379 | Lair:1   | 16379 ||| Stepping ~*~*~tactically~*~*~ (stealth).
 16380 | Lair:1   | 16380 ||| Stepping ~*~*~tactically~*~*~ (stealth).
 16381 | Lair:1   | 16381 ||| Stepping ~*~*~tactically~*~*~ (stealth).
 16382 | Lair:1   | 16382 ||| Stepping ~*~*~tactically~*~*~ (stealth).
 16400 | Lair:1   | Reached skill level 9 in Invocations
 16592 | Lair:1   | Received a gift from Okawaru
 16679 | Lair:1   | Reached skill level 15 in Axes
 16782 | Lair:1   | 16782 ||| INVOKING Heroism.
 17032 | Lair:1   | 17032 ||| INVOKING Heroism.
 17033 | Lair:1   | Noticed a death yak
 17034 | Lair:1   | 17034 ||| INVOKING Finesse.
 17053 | Lair:1   | Killed a death yak
 17430 | Lair:2   | 17430 ||| INVOKING Heroism.
 17431 | Lair:2   | 17431 ||| Stepping ~*~*~tactically~*~*~ (hiding).
 17432 | Lair:2   | 17432 ||| Stepping ~*~*~tactically~*~*~ (hiding).
 17441 | Lair:2   | Received a gift from Okawaru
 17442 | Lair:2   | 17442 ||| DRINKING 3 potions of cancellation.
 17449 | Lair:2   | 17449 ||| DRINKING 2 potions of cancellation.
 17602 | Lair:2   | 17602 ||| Stepping ~*~*~tactically~*~*~ (stealth).
 17606 | Lair:2   | 17606 ||| INVOKING Heroism.
 17623 | Lair:2   | Received a gift from Okawaru
 17714 | Lair:2   | 17714 ||| Stepping ~*~*~tactically~*~*~ (stealth).
 17715 | Lair:2   | 17715 ||| Stepping ~*~*~tactically~*~*~ (stealth).
 17775 | Lair:2   | 17775 ||| INVOKING Heroism.
 17786 | Lair:2   | Reached XP level 13. HP: 70/78 MP: 19/21
 17863 | Lair:2   | 17863 ||| Stepping ~*~*~tactically~*~*~ (stealth).
 17864 | Lair:2   | 17864 ||| Stepping ~*~*~tactically~*~*~ (stealth).
 17865 | Lair:2   | 17865 ||| Stepping ~*~*~tactically~*~*~ (stealth).
 17866 | Lair:2   | 17866 ||| INVOKING Heroism.
 17901 | Lair:2   | 17901 ||| INVOKING Heroism.
 17909 | Lair:2   | Identified the +0 pair of gloves "Ycoiwuev" {Harm rElec
                  | Will++ Dex-3} (Okawaru gifted it to you on level 2 of the
                  | Lair of Beasts)
 17909 | Lair:2   | Received a gift from Okawaru
 17988 | Lair:2   | 17988 ||| Stepping ~*~*~tactically~*~*~ (stealth).
 18000 | Lair:2   | 18000 ||| Stepping ~*~*~tactically~*~*~ (hiding).
 18004 | Lair:2   | 18004 ||| INVOKING Heroism.
 18015 | Lair:2   | Reached skill level 3 in Throwing
 18069 | Lair:2   | Found a staircase to the Snake Pit.
 18435 | Lair:2   | 18435 ||| READING scroll labelled XOEKYO ARUXT.
 18435 | Lair:2   | Identified a scroll of acquirement
 18435 | Lair:2   | 18435 ||| ACQUIRING +1 pair of gloves "Qomajewi" {rN+
                  | Int+3}
 18435 | Lair:2   | Acquired the +1 pair of gloves "Qomajewi" {rN+ Int+3}
 18437 | Lair:2   | 18437 ||| UPGRADING to +1 pair of gloves "Qomajewi" {rN+
                  | Int+3}.
 18442 | Lair:2   | 18442 ||| READING 11 scrolls of identify.
 18442 | Lair:2   | 18442 ||| IDENTIFYING black potion
 18443 | Lair:2   | 18443 ||| READING 10 scrolls of identify.
 18443 | Lair:2   | 18443 ||| IDENTIFYING glowing silvery potion
 18444 | Lair:2   | 18444 ||| DROPPING potion of berserk rage.
 18472 | Lair:3   | 18472 ||| INVOKING Heroism.
 18473 | Lair:3   | 18473 ||| STAIRDANCE
 18475 | Lair:2   | 18475 ||| SWAPPING to +5 war axe of flaming.
 18481 | Lair:2   | 18481 ||| SWAPPING to +0 broad axe.
 18553 | Lair:3   | 18553 ||| INVOKING Heroism.
 18554 | Lair:3   | 18554 ||| SWAPPING to +5 war axe of flaming.
 18560 | Lair:3   | Reached skill level 16 in Axes
 18560 | Lair:3   | 18560 ||| SWAPPING to +0 broad axe.
 18565 | Lair:3   | 18565 ||| STAIRDANCE
 18782 | Lair:3   | 18782 ||| Stepping ~*~*~tactically~*~*~ (hiding).
 18913 | Lair:3   | 18913 ||| INVOKING Heroism.
 18916 | Lair:3   | 18916 ||| Stepping ~*~*~tactically~*~*~ (stealth).
 19001 | Lair:3   | 19001 ||| Stepping ~*~*~tactically~*~*~ (stealth).
 19046 | Lair:3   | 19046 ||| INVOKING Heroism.
 19047 | Lair:3   | 19047 ||| Stepping ~*~*~tactically~*~*~ (stealth).
 19048 | Lair:3   | 19048 ||| Stepping ~*~*~tactically~*~*~ (stealth).
 19049 | Lair:3   | 19049 ||| SWAPPING to +5 war axe of flaming.
 19053 | Lair:3   | 19053 ||| SWAPPING to +0 broad axe.
 19330 | Lair:3   | Found a staircase to the Shoals.
 19331 | Lair:3   | 19331 ||| INVOKING Heroism.
 19344 | Lair:3   | Reached skill level 17 in Axes
 19348 | Lair:3   | 19348 ||| INVOKING Finesse.
 19584 | Lair:3   | Reached skill level 9 in Fighting
 19628 | Lair:3   | 19628 ||| INVOKING Heroism.
 19886 | Lair:3   | 19886 ||| INVOKING Heroism.
 19986 | Lair:3   | 19986 ||| DROPPING orb of wrath.
 20022 | Lair:4   | 20022 ||| INVOKING Heroism.
 20139 | Lair:4   | 20139 ||| INVOKING Heroism.
 20140 | Lair:4   | 20140 ||| Stepping ~*~*~tactically~*~*~ (stealth).
 20141 | Lair:4   | 20141 ||| Stepping ~*~*~tactically~*~*~ (stealth).
 20152 | Lair:4   | Reached skill level 6 in Armour
 20176 | Lair:4   | Found a runed translucent door.
 20178 | Lair:4   | Noticed an azure jelly
 20193 | Lair:4   | 20193 ||| INVOKING Heroism.
 20281 | Lair:4   | Noticed an azure jelly
 20284 | Lair:4   | Found a staircase to the Slime Pits.
 20341 | Lair:4   | 20341 ||| Stepping ~*~*~tactically~*~*~ (stealth).
 20342 | Lair:4   | 20342 ||| Stepping ~*~*~tactically~*~*~ (stealth).
 20344 | Lair:4   | 20344 ||| INVOKING Heroism.
 20345 | Lair:4   | 20345 ||| INVOKING Finesse.
 20358 | Lair:4   | Identified the +21 crystal plate armour "Sarphuck" {rF+}
                  | (Okawaru gifted it to you on level 4 of the Lair of Beasts)
 20358 | Lair:4   | Received a gift from Okawaru
 20363 | Lair:4   | 20363 ||| Stepping ~*~*~tactically~*~*~ (stealth).
 20494 | Lair:4   | 20494 ||| Stepping ~*~*~tactically~*~*~ (stealth).
 20495 | Lair:4   | 20495 ||| INVOKING Heroism.
 20498 | Lair:4   | 20498 ||| INVOKING Finesse.
 20541 | Lair:4   | Reached XP level 14. HP: 72/86 MP: 18/22
 20554 | Lair:4   | 20554 ||| INVOKING Finesse.
 20819 | Lair:4   | 20819 ||| Stepping ~*~*~tactically~*~*~ (stealth).
 20926 | Lair:4   | 20926 ||| Stepping ~*~*~tactically~*~*~ (stealth).
 20928 | Lair:4   | 20928 ||| Stepping ~*~*~tactically~*~*~ (stealth).
 20931 | Lair:4   | 20931 ||| INVOKING Heroism.
 21216 | Lair:4   | Reached skill level 18 in Axes
 21477 | Lair:4   | 21477 ||| UPGRADING to +21 crystal plate armour "Sarphuck"
                  | {rF+}.
 21487 | Lair:4   | 21487 ||| DROPPING +8 scale mail "Udaaluuh" {rN+ Int-4
                  | Dex+6}.
 21488 | Lair:4   | 21488 ||| READING 12 scrolls of identify.
 21488 | Lair:4   | 21488 ||| IDENTIFYING viscous grey potion
 21489 | Lair:4   | 21489 ||| DRINKING potion of experience.
 21489 | Lair:4   | Reached skill level 9 in Armour
 21489 | Lair:4   | Reached XP level 15. HP: 90/90 MP: 23/23
 21533 | Lair:5   | Entered Level 5 of the Lair of Beasts
 21536 | Lair:5   | 21536 ||| STAIRDANCE
 21544 | Lair:5   | 21544 ||| STAIRDANCE
 21554 | Lair:5   | 21554 ||| INVOKING Heroism.
 21669 | Lair:5   | 21669 ||| Stepping ~*~*~tactically~*~*~ (stealth).
 21677 | Lair:5   | 21677 ||| INVOKING Heroism.
 21698 | Lair:5   | 21698 ||| INVOKING Heroism.
 21764 | Lair:5   | 21764 ||| READING scroll of enchant weapon.
 21764 | Lair:5   | 21764 ||| ENCHANTING +0 broad axe.
 22010 | Lair:5   | 22010 ||| INVOKING Heroism.
 22011 | Lair:5   | 22011 ||| INVOKING Finesse.
 22013 | Lair:5   | 22013 ||| SWAPPING to +5 war axe of flaming.
 22015 | Lair:5   | 22015 ||| SWAPPING to +1 broad axe.
 22016 | Lair:5   | 22016 ||| SWAPPING to +5 war axe of flaming.
 22020 | Lair:5   | 22020 ||| SWAPPING to +1 broad axe.
 22207 | Lair:5   | 22207 ||| INVOKING Heroism.
 22235 | Lair:5   | 22235 ||| Stepping ~*~*~tactically~*~*~ (stealth).
 22236 | Lair:5   | 22236 ||| Stepping ~*~*~tactically~*~*~ (stealth).
 22445 | Lair:5   | 22445 ||| Stepping ~*~*~tactically~*~*~ (hiding).
 22449 | Lair:5   | 22449 ||| INVOKING Heroism.
 22450 | Lair:5   | 22450 ||| INVOKING Finesse.
 22451 | Lair:5   | 22451 ||| INVOKING Finesse.
 22513 | Lair:5   | 22513 ||| Stepping ~*~*~tactically~*~*~ (hiding).
 22521 | Lair:5   | 22521 ||| INVOKING Heroism.
 22532 | Lair:5   | 22532 ||| Stepping ~*~*~tactically~*~*~ (stealth).
 22533 | Lair:5   | 22533 ||| Stepping ~*~*~tactically~*~*~ (stealth).
 22537 | Lair:5   | 22537 ||| Stepping ~*~*~tactically~*~*~ (stealth).
 22538 | Lair:5   | 22538 ||| Stepping ~*~*~tactically~*~*~ (stealth).
 22552 | Lair:5   | 22552 ||| READING scroll of enchant weapon.
 22552 | Lair:5   | 22552 ||| ENCHANTING +1 broad axe.
 22567 | Lair:5   | 22567 ||| DRINKING potion of cancellation.
 22568 | Lair:5   | 22568 ||| INVOKING Heroism.
 22697 | Lair:5   | 22697 ||| Stepping ~*~*~tactically~*~*~ (hiding).
 22704 | Lair:5   | Reached skill level 12 in Armour
 22829 | Lair:5   | 22829 ||| INVOKING Heroism.
 22845 | Lair:5   | Identified the +0 hat "Idyudeh" {+Inv rPois Int+4} (Okawaru
                  | gifted it to you on level 5 of the Lair of Beasts)
 22845 | Lair:5   | Received a gift from Okawaru
 22915 | Lair:5   | Found a corrupted altar of Lugonu.
 22915 | Lair:5   | Found a one-way gate to the infinite horrors of the Abyss.
 23070 | Lair:5   | 23070 ||| Stepping ~*~*~tactically~*~*~ (hiding).
 23131 | Lair:5   | 23131 ||| Stepping ~*~*~tactically~*~*~ (stealth).
 23134 | Lair:5   | 23134 ||| Stepping ~*~*~tactically~*~*~ (stealth).
 23452 | Lair:5   | 23452 ||| PLANNING D
 23452 | Lair:5   | 23452 ||| UPGRADING to ring of see invisible.
 23690 | D:12     | 23690 ||| INVOKING Heroism.
 23767 | D:12     | 23767 ||| Stepping ~*~*~tactically~*~*~ (stealth).
 23771 | D:12     | 23771 ||| INVOKING Heroism.
 23850 | D:12     | 23850 ||| DRINKING 7 potions of curing.
 23850 | D:12     | 23850 ||| (to cure confusion)
 23851 | D:12     | 23851 ||| Stepping ~*~*~tactically~*~*~ (hiding).
 23852 | D:12     | 23852 ||| Stepping ~*~*~tactically~*~*~ (hiding).
 23906 | D:12     | You are sucked into a shaft and drop 2 floors!
 23917 | D:14     | 23917 ||| UPGRADING to +0 kite shield.
 23974 | D:13     | 23974 ||| FLEEEEING.
 23977 | D:13     | 23977 ||| Stepping ~*~*~tactically~*~*~ (stealth).
 23981 | D:13     | 23981 ||| INVOKING Heroism.
 24002 | D:13     | Reached skill level 1 in Shields
 24021 | D:13     | Reached skill level 3 in Shields
 24324 | D:12     | 24324 ||| INVOKING Heroism.
 24590 | D:12     | 24590 ||| Stepping ~*~*~tactically~*~*~ (stealth).
 24595 | D:12     | 24595 ||| INVOKING Heroism.
 24601 | D:12     | 24601 ||| READING 2 scrolls of teleportation.
 24782 | D:12     | 24782 ||| INVOKING Heroism.
 24788 | D:12     | 24788 ||| READING scroll of teleportation.
 24841 | D:12     | 24841 ||| Stepping ~*~*~tactically~*~*~ (stealth).
 24843 | D:12     | 24843 ||| Stepping ~*~*~tactically~*~*~ (stealth).
 24851 | D:12     | 24851 ||| INVOKING Heroism.
 25139 | D:13     | 25139 ||| INVOKING Heroism.
 25188 | D:13     | 25188 ||| INVOKING Heroism.
 25337 | D:13     | Found a gate to the Vaults.
 25420 | D:13     | Noticed Jorgrun
 25421 | D:13     | 25421 ||| Stepping ~*~*~tactically~*~*~ (hiding).
 25422 | D:13     | 25422 ||| Stepping ~*~*~tactically~*~*~ (hiding).
 25423 | D:13     | 25423 ||| Stepping ~*~*~tactically~*~*~ (hiding).
 25425 | D:13     | 25425 ||| INVOKING Heroism.
 25426 | D:13     | 25426 ||| INVOKING Finesse.
 25443 | D:13     | Killed Jorgrun
 25444 | D:13     | Reached skill level 6 in Shields
 25444 | D:13     | Reached XP level 16. HP: 84/96 MP: 17/24
 25498 | D:13     | 25498 ||| Stepping ~*~*~tactically~*~*~ (stealth).
 25503 | D:13     | 25503 ||| Stepping ~*~*~tactically~*~*~ (hiding).
 25513 | D:13     | 25513 ||| INVOKING Heroism.
 25712 | D:13     | 25712 ||| Stepping ~*~*~tactically~*~*~ (stealth).
 25713 | D:13     | 25713 ||| Stepping ~*~*~tactically~*~*~ (stealth).
 25714 | D:13     | Noticed Rupert
 25715 | D:13     | 25715 ||| INVOKING Heroism.
 25715 | D:13     | Noticed Sonja
 25732 | D:13     | HP: 3/96 [Rupert/+4 great mace of holy wrath (41)]
 25733 | D:13     | 25733 ||| DRINKING 5 potions of heal wounds.
 25735 | D:13     | 25735 ||| DRINKING 4 potions of heal wounds.
 25738 | D:13     | HP: 9/96 [Rupert/+4 great mace of holy wrath (21)]
 25739 | D:13     | 25739 ||| DRINKING 3 potions of heal wounds.
 25740 | D:13     | Paralysed by Rupert for 5 turns
 25747 | D:13     | Killed Rupert
 25748 | D:13     | HP: 24/96 [Sonja/+0 dagger of distortion (4)]
 25748 | D:13     | HP: 11/96 [Sonja/+0 dagger of distortion (13)]
 25749 | D:13     | 25749 ||| DRINKING 2 potions of heal wounds.
 25751 | D:13     | 25751 ||| DRINKING potion of heal wounds.
 25763 | D:13     | 25763 ||| INVOKING Heroism.
 25765 | D:13     | Killed Sonja
 26063 | D:13     | 26063 ||| Stepping ~*~*~tactically~*~*~ (hiding).
 26241 | D:14     | Noticed Kirke
 26242 | D:14     | 26242 ||| Stepping ~*~*~tactically~*~*~ (stealth).
 26245 | D:14     | 26245 ||| STAIRDANCE
 26255 | D:14     | 26255 ||| STAIRDANCE
 26257 | D:13     | 26257 ||| INVOKING Heroism.
 26279 | D:13     | 26279 ||| INVOKING Heroism.
 26282 | D:13     | Killed Kirke
 26544 | D:14     | 26544 ||| STAIRDANCE
 26588 | D:14     | 26588 ||| FLEEEEING.
 26598 | D:14     | 26598 ||| Stepping ~*~*~tactically~*~*~ (hiding).
 26599 | D:14     | 26599 ||| Stepping ~*~*~tactically~*~*~ (hiding).
 26600 | D:14     | 26600 ||| Stepping ~*~*~tactically~*~*~ (hiding).
 26638 | D:14     | 26638 ||| Stepping ~*~*~tactically~*~*~ (hiding).
 26724 | D:14     | 26724 ||| INVOKING Heroism.
 26727 | D:14     | 26727 ||| Stepping ~*~*~tactically~*~*~ (hiding).
 27274 | D:14     | Found a shimmering blue altar of Sif Muna.
 27412 | D:14     | 27412 ||| Stepping ~*~*~tactically~*~*~ (stealth).
 27414 | D:14     | 27414 ||| Stepping ~*~*~tactically~*~*~ (hiding).
 27416 | D:14     | 27416 ||| INVOKING Heroism.
 27508 | D:15     | Entered Level 15 of the Dungeon
 27687 | D:15     | Noticed Roxanne
 27688 | D:15     | 27688 ||| INVOKING Heroism.
 27689 | D:15     | 27689 ||| INVOKING Finesse.
 27726 | D:15     | Killed Roxanne
 27727 | D:15     | Reached skill level 9 in Shields
 27775 | D:15     | Found a glowing silver altar of Zin.
 27840 | D:15     | 27840 ||| Stepping ~*~*~tactically~*~*~ (hiding).
 27883 | D:15     | Found a staircase to the Depths.
 27884 | D:15     | 27884 ||| INVOKING Heroism.
 28174 | D:15     | 28174 ||| Stepping ~*~*~tactically~*~*~ (hiding).
 28248 | D:15     | 28248 ||| INVOKING Heroism.
 28562 | D:15     | 28562 ||| PLANNING ORC
 28701 | Orc:1    | Entered Level 1 of the Orcish Mines
 28702 | Orc:1    | 28702 ||| INVOKING Heroism.
 28711 | Orc:1    | 28711 ||| DRINKING 9 potions of curing.
 28711 | Orc:1    | 28711 ||| (to cure confusion)
 28810 | Orc:1    | 28810 ||| INVOKING Heroism.
 28933 | Orc:2    | Entered Level 2 of the Orcish Mines
 28934 | Orc:2    | 28934 ||| INVOKING Heroism.
 28935 | Orc:2    | 28935 ||| STAIRDANCE
 28955 | Orc:2    | 28955 ||| INVOKING Heroism.
 28956 | Orc:2    | 28956 ||| STAIRDANCE
 28965 | Orc:2    | 28965 ||| STAIRDANCE
 28995 | Orc:2    | 28995 ||| STAIRDANCE
 29001 | Orc:2    | 29001 ||| STAIRDANCE
 29024 | Orc:2    | 29024 ||| Stepping ~*~*~tactically~*~*~ (stealth).
 29078 | Orc:2    | 29078 ||| Stepping ~*~*~tactically~*~*~ (stealth).
 29079 | Orc:2    | 29079 ||| Stepping ~*~*~tactically~*~*~ (stealth).
 29080 | Orc:2    | 29080 ||| Stepping ~*~*~tactically~*~*~ (stealth).
 29082 | Orc:2    | 29082 ||| Stepping ~*~*~tactically~*~*~ (stealth).
 29104 | Orc:2    | 29104 ||| Stepping ~*~*~tactically~*~*~ (stealth).
 29155 | Orc:2    | 29155 ||| Stepping ~*~*~tactically~*~*~ (stealth).
 29169 | Orc:2    | 29169 ||| Stepping ~*~*~tactically~*~*~ (stealth).
 29170 | Orc:2    | 29170 ||| INVOKING Heroism.
 29227 | Orc:2    | 29227 ||| Stepping ~*~*~tactically~*~*~ (hiding).
 29234 | Orc:2    | 29234 ||| INVOKING Heroism.
 29262 | Orc:2    | 29262 ||| INVOKING Heroism.
 29344 | Orc:2    | 29344 ||| INVOKING Heroism.
 29472 | Orc:2    | Found Ysipaesa's General Store.
 29473 | Orc:2    | 29473 ||| INVOKING Heroism.
 29505 | Orc:2    | 29505 ||| BUYING scroll of acquirement (624 gold).
 29505 | Orc:2    | Bought a scroll of acquirement for 624 gold pieces
 29505 | Orc:2    | 29505 ||| READING scroll of acquirement.
 29505 | Orc:2    | 29505 ||| ACQUIRING ring "Karphapy" {rPois rN+ Int+2
                  | Slay+2}
 29505 | Orc:2    | Acquired the ring "Karphapy" {rPois rN+ Int+2 Slay+2}
 29514 | Orc:2    | Found Dueruh's Assorted Antiques.
 29586 | Orc:2    | 29586 ||| BUYING 2 potions of heal wounds (260 gold).
 29586 | Orc:2    | Bought 2 potions of heal wounds for 260 gold pieces
 29586 | Orc:2    | 29586 ||| BUYING iron ring (130 gold).
 29586 | Orc:2    | Bought an iron ring for 130 gold pieces
 29586 | Orc:2    | 29586 ||| SHOPLISTING potion of haste (260 gold, have 223).
 29586 | Orc:2    | 29586 ||| BUYING runed opal ring (130 gold).
 29586 | Orc:2    | Bought a runed opal ring for 130 gold pieces
 29598 | Orc:2    | 29598 ||| INVOKING Heroism.
 29673 | Orc:2    | 29673 ||| INVOKING Heroism.
 29706 | Orc:2    | 29706 ||| READING scroll of enchant weapon.
 29706 | Orc:2    | 29706 ||| ENCHANTING +2 broad axe.
 29781 | Orc:2    | 29781 ||| Stepping ~*~*~tactically~*~*~ (hiding).
 29784 | Orc:2    | 29784 ||| Stepping ~*~*~tactically~*~*~ (hiding).
 29785 | Orc:2    | 29785 ||| Stepping ~*~*~tactically~*~*~ (hiding).
 29894 | Orc:2    | 29894 ||| Stepping ~*~*~tactically~*~*~ (hiding).
 29895 | Orc:2    | 29895 ||| Stepping ~*~*~tactically~*~*~ (hiding).
 29936 | Orc:2    | 29936 ||| Stepping ~*~*~tactically~*~*~ (stealth).
 29942 | Orc:2    | Found Fympurry's Antique Weapon Shoppe.
 29943 | Orc:2    | 29943 ||| INVOKING Heroism.
 30078 | Orc:2    | 30078 ||| Stepping ~*~*~tactically~*~*~ (hiding).
 30080 | Orc:2    | 30080 ||| Stepping ~*~*~tactically~*~*~ (hiding).
 30094 | Orc:2    | 30094 ||| Stepping ~*~*~tactically~*~*~ (stealth).
 30096 | Orc:2    | 30096 ||| INVOKING Heroism.
 30107 | Orc:2    | Received a gift from Okawaru
 30113 | Orc:2    | HP: 16/96 [orc high priest/divine providence (14)]
 30114 | Orc:2    | 30114 ||| READING scroll of teleportation.
 30115 | Orc:2    | 30115 ||| DRINKING 2 potions of heal wounds.
 30121 | Orc:2    | HP: 21/96 [warg[an orc warlord] (6)]
 30122 | Orc:2    | 30122 ||| DRINKING potion of heal wounds.
 30125 | Orc:2    | HP: 2/97 [orc high priest/divine providence (12)]
 30126 | Orc:2    | Killed from afar by an orc priest

Levels and vault maps discovered:
D:1:      dpeg_arrival_snail, layout_loops_cross, basic_ecumenical_altar
D:2:      layout_loops_cross, serial_park_tiny_2, hangedman_glass_teeth
D:3:      layout_loops_ring, mainiacjoe_overflow_catwalk, gup_sewer_entry_glass
D:4:      layout_gridville, gup_ossuary_entry_pyramid, minmay_distorted
D:5:      layout_basic
D:6:      layout_basic, nicolae_overflow_crystal_walls, minitemple,
          kennysheep_generic_room_12
D:7:      layout_loops_corners, lightli_temple_of_fire,
          minmay_temple_entry_arrows, uniq_prince_ribbit1
D:8:      layout_rooms, kennysheep_mini_moat, kennysheep_cluttered_room
D:9:      cheibrodos_elevator_heist, layout_layer_cave, nicolae_blasting_shop,
          grunt_ministairs_11
D:10:     layout_stronghold, nicolae_gozag_cash_rules_everything_around_me,
          grunt_ministairs_11, uniq_maggie, uniq_fannar, uniq_josephine
D:11:     layout_basic, due_lair_maze_entry_diamond, david_orc_2,
          gammafunk_ghost_hydra_chop, serial_shops, shop_statue, uniq_maurice,
          uniq_snorg
D:12:     layout_roguey
D:13:     layout_basic, david_vaults_5, uniq_sonja, uniq_jorgrun, uniq_rupert
D:14:     layout_loops_cross, kennysheep_nub, nicolae_eternal_life,
          nicolae_sif_muna_condensation, uniq_kirke
D:15:     grunt_enter_depths_giant_problem, layout_cross,
          nicolae_lava_and_water, zin_scriptorium, uniq_roxanne
Lair:1:   layout_gridlike, grunt_megastairs_4
Lair:2:   layout_long_grid, guppyfry_snake_entry_island, grunt_megastairs_3
Lair:3:   layout_cave_pods, minmay_shoals_entry_beasts
Lair:4:   layout_cave_pods, slime_entry_2
Lair:5:   hellmonk_lair_end_abyssal_woods, layout_cave_pods,
          nicolae_lair_grove_arrangements
Orc:1:    layout_caves
Orc:2:    pubby_orc_utopia

Skill      XL: |  1  2  3  4  5  6  7  8  9 10 11 12 13 14 15 16 |
---------------+-------------------------------------------------+-----
Axes           | 3 4 5 6 7 8 10 13 14 15 17 18 | 18.0
Armour         | 2 3 4 5 6 9 13 | 13.0
Fighting       | 3 4 5 6 7 8 9 |  9.8
Invocations    | 4 7 10 | 10.0
Dodging        | 6 8 9 10 | 10.0
Throwing       | 2 4 5 |  5.0
Shields        | 6 10 | 10.7
Spellcasting   | |  2.0
Translocations | |  2.4

Action                   |  1- 3 |  4- 6 |  7- 9 | 10-12 | 13-15 | 16-18 || total
-------------------------+-------+-------+-------+-------+-------+-------++-------
Melee: Hand axe          |    80 |   135 |       |       |       |       ||   215
       Kick              |    16 |    49 |    66 |   217 |   372 |   177 ||   897
       Peck              |    12 |    26 |    47 |   144 |   227 |   133 ||   589
       Punch             |       |     3 |     6 |    15 |    16 |       ||    40
       War axe           |       |    28 |    87 |       |    15 |       ||   130
       Broad axe         |       |       |   156 |   537 |   776 |   465 ||  1934
       Unarmed           |       |       |       |       |       |    22 ||    22
Throw: Boomerang         |     7 |   101 |       |    36 |    19 |    11 ||   174
       Javelin           |       |       |       |    10 |    31 |    45 ||    86
Invok: Heroism           |       |       |     5 |    31 |    35 |    23 ||    94
       Finesse           |       |       |       |     3 |     7 |     1 ||    11
  Use: Scroll            |     1 |     9 |     8 |    11 |     8 |     3 ||    40
       Potion            |       |     5 |     3 |     3 |     3 |     8 ||    22
 Stab: Distracted        |       |       |       |     2 |     1 |       ||     3
Armor: Leather armour    |     8 |       |       |       |       |       ||     8
       Scale mail        |    17 |     4 |    16 |   122 |    70 |       ||   229
       Plate armour      |       |   108 |   121 |       |       |       ||   229
       Crystal plate arm |       |       |       |       |   221 |   213 ||   434
Dodge: Dodged            |    31 |    37 |    70 |   362 |   326 |   108 ||   934
Block: Other             |       |       |    47 |   111 |    87 |     4 ||   249
       Reflection        |       |       |     4 |     3 |    16 |    11 ||    34
       Kite shield       |       |       |       |       |   108 |   324 ||   432

Table legend:
 A = Non-vault XP
 B = Vault XP
 C = Vault XP percentage of total XP
 D = Non-vault monster count
 E = Vault monster count
 F = Vault count percentage of total count
                 A         B        C        D         E       F
            +---------+---------+-------+---------+---------+-------
      Total |   83784 |   43207 |  34.0 |     450 |     279 |  38.3
            +---------+---------+-------+---------+---------+-------
        D:1 |      40 |       0 |   0.0 |      24 |       0 |   0.0
        D:2 |      63 |       0 |   0.0 |      22 |       0 |   0.0
        D:3 |      75 |      41 |  35.3 |      20 |       4 |  16.7
        D:4 |     199 |      24 |  10.8 |      16 |       3 |  15.8
        D:5 |     514 |       0 |   0.0 |      15 |       0 |   0.0
        D:6 |     915 |      83 |   8.3 |      18 |       1 |   5.3
        D:7 |    1847 |     274 |  12.9 |      24 |       1 |   4.0
        D:8 |     826 |       0 |   0.0 |      18 |       0 |   0.0
        D:9 |    3566 |    1230 |  25.6 |      28 |      10 |  26.3
       D:10 |    3672 |    3599 |  49.5 |      24 |      10 |  29.4
       D:11 |    4142 |    2426 |  36.9 |      11 |      20 |  64.5
       D:12 |    6130 |       0 |   0.0 |      32 |       0 |   0.0
       D:13 |    7702 |    9426 |  55.0 |      23 |      10 |  30.3
       D:14 |    3523 |       0 |   0.0 |      12 |       0 |   0.0
       D:15 |    6154 |    2397 |  28.0 |      10 |       2 |  16.7
     Lair:1 |    3607 |     246 |   6.4 |      15 |       2 |  11.8
     Lair:2 |    8647 |     979 |  10.2 |      32 |       5 |  13.5
     Lair:3 |   10505 |     831 |   7.3 |      25 |       2 |   7.4
     Lair:4 |   12653 |       0 |   0.0 |      34 |       0 |   0.0
     Lair:5 |    7471 |   10428 |  58.3 |      26 |      35 |  57.4
      Orc:1 |    1533 |     667 |  30.3 |      21 |      16 |  43.2
      Orc:2 |       0 |    9849 | 100.0 |       0 |      77 | 100.0
      Sewer |       0 |     264 | 100.0 |       0 |      46 | 100.0
    Ossuary |       0 |     443 | 100.0 |       0 |      35 | 100.0
            +---------+---------+-------+---------+---------+-------
